 Dungeon Crawl Stone Soup version 0.18.1-8-gdd0e5ea (webtiles) character file.

1078485 Vasya666 the Middleweight Champion (level 27, -18/409 HPs)
             Began as a Purple Draconian Transmuter on May 20, 2016.
             Was the Champion of the Shining One.
             Killed from afar by a Brimstone Fiend (55 damage)
             ... with damnation
             ... in Pandemonium on May 21, 2016.
             The game lasted 08:02:35 (116892 turns).

Vasya666 the Middleweight Champion (DrTm)         Turns: 116892, Time: 08:02:36

Health: -18/409    AC: 31    Str: 28    XL:     27
Magic:  54/54      EV: 18    Int: 22    God:    the Shining One [******]
Gold:   9725       SH:  0    Dex: 13    Spells: 13 memorised, 18 levels left

rFire  + . .     SeeInvis .       - Unarmed
rCold  + . .     Gourm    .     (armour unavailable)
rNeg   + + +     Faith    .     (shield currently unavailable)
rPois  +         Spirit   .     (helmet currently unavailable)
rElec  .         Dismiss  .     (cloak currently unavailable)
rCorr  .         Reflect  .     (gloves currently unavailable)
SustAt +         Harm     .     (boots currently unavailable)
MR     ++++.                    g - amulet "Xubbam" {+Blink +Rage rN+ Str+4}
Stlth  +.........               M - ring "Gaemp" {SustAt Fragile rPois rF+ rC+}
                                i - ring of Robustness {AC+8}

@: lethally poisoned (-18 -> -18), about to teleport, dragon-form, flying, very
slightly contaminated, hasted, glowing, very quick, incredibly resistant to
hostile enchantments, very unstealthy
A: breathe power, unfitting armour, dopey 1, (cold-blooded), AC +13
a: Breathe Dispelling Energy, End Transformation, Divine Shield, Cleansing
Flame, Summon Divine Warrior, Brand Weapon With Holy Wrath, Renounce Religion,
Evoke Blink, Evoke Berserk Rage
}: 9/15 runes: decaying, serpentine, slimy, silver, iron, obsidian, icy, bone,
abyssal


You were in Pandemonium.
You worshipped the Shining One.
The Shining One was exalted by your worship.
You were not hungry.
You were a fearsome dragon!
You visited 15 branches of the dungeon, and saw 84 of its levels.
You visited Pandemonium 1 time, and saw 5 of its levels.
You visited the Abyss 4 times.
You visited 1 bazaar.
You also visited: Trove and Wizlab.

You collected 13799 gold pieces.
You spent 4074 gold pieces at shops.

Inventory:

Hand Weapons
 z - the +7 Sceptre of Asmodeus
   (You took it off Asmodeus on level 7 of Gehenna)

   The Shining One disapproves of the use of such an item.
Missiles
 a - 1969 arrows
Armour
 e - the cursed +0 cloak "Aratudue" {rN+ Slay+3 Stlth+}
   (You found it on level 7 of Cocytus)

   It affects your accuracy and damage with ranged weapons and melee attacks
   (+3).
   It protects you from negative energy.
   It makes you more stealthy.
   It has a curse placed upon it.
 l - a +2 hat (melded)
 o - a +2 cloak of magic resistance (melded)
 q - the +1 pair of gloves of Uniaxkuo (melded) {rN++ Str+3}
   (You found it in a treasure trove)

   It affects your strength (+3).
   It greatly protects you from negative energy.
 C - a +2 pair of boots (melded)
Magical Staves
 t - an uncursed staff of energy
Jewellery
 d - an uncursed ring of fire
 g - the amulet "Xubbam" (around neck) {+Blink +Rage rN+ Str+4}
   (You found it in a treasure trove)

   [amulet of rage]

   It affects your strength (+4).
   It protects you from negative energy.
   It lets you blink.
   It lets you go berserk.
 i - the ring of Robustness (left foreclaw) {AC+8}
   (You took it off a deep elf demonologist on level 3 of the Elven Halls)

   [ring of protection]

   It affects your AC (+8).
 n - the amulet "Wukafad" {Gourm rC++}
   (You found it in Pandemonium)

   [amulet of the gourmand]

   It allows you to eat raw meat even when not hungry.
   It greatly protects you from cold.
 u - an uncursed ring of protection from cold
 M - the ring "Gaemp" (right foreclaw) {SustAt Fragile rPois rF+ rC+}
   (You found it on level 6 of the Pits of Slime)

   [ring of sustain attributes]

   It sustains your strength, intelligence and dexterity.
   It protects you from fire.
   It protects you from cold.
   It protects you from poison.
   It will be destroyed if unequipped.
Wands
 r - a wand of teleportation (3/9)
 v - a wand of lightning (3/15)
 I - a wand of digging (10/24)
 Q - a wand of teleportation (3/9)
Scrolls
 b - 3 scrolls of vulnerability
 j - 4 scrolls of amnesia
 s - 4 scrolls of magic mapping
 w - 39 scrolls of remove curse
 y - 7 scrolls of teleportation
 D - 4 scrolls of recharging
 E - 10 scrolls of identify
 S - 4 scrolls of blinking
Potions
 f - a potion of haste
 h - 2 potions of cancellation
 m - 4 potions of heal wounds
 p - 2 potions of agility
 x - 6 potions of resistance
 A - 4 potions of magic
 G - 12 potions of curing (quivered)
 H - a potion of brilliance
 J - 5 potions of might
 R - 3 potions of cure mutation
Miscellaneous
 k - a crystal ball of energy
Comestibles
 c - 21 bread rations
 N - 5 meat rations


   Skills:
 O Level 27 Fighting
   Level 0.8 Long Blades
 - Level 0.8 Staves
   Level 0.8 Bows
 O Level 27 Dodging
 O Level 27 Unarmed Combat
 O Level 27 Spellcasting
 - Level 11.1 Charms
 * Level 15.6 Summonings
 * Level 14.9 Translocations
 - Level 16.0 Transmutations
 - Level 3.1 Air Magic
 - Level 12.0 Invocations


You had 18 spell levels left.
You knew the following spells:

 Your Spells              Type           Power        Failure   Level  Hunger
b - Sticks to Snakes      Trmt           #######.     0%          2    None
c - Statue Form           Trmt/Erth      ######...    8%          6    None
e - Blade Hands           Trmt           #######...   1%          5    None
f - Dragon Form           Trmt           #######...   1%          7    ###....
g - Repel Missiles        Chrm/Air       ######       1%          2    None
i - Haste                 Chrm           ######..     1%          6    None
j - Controlled Blink      Tloc           N/A          17%         8    #####..
k - Yara's Violent Unrav  Hex/Trmt       ######....   1%          5    None
l - Summon Butterflies    Summ           #######.     0%          1    None
m - Deflect Missiles      Chrm/Air       ######....   12%         6    None
n - Blink                 Tloc           N/A          0%          2    None
o - Ozocubu's Armour      Chrm/Ice       ######..     1%          3    None
p - Dragon's Call         Summ           #######...   97%         9    ######.


Dungeon Overview and Level Annotations

Branches:
Dungeon (15/15)            Temple (0/1) D:4            Lair (8/8) D:10
  Swamp (4/4) Lair:3        Snake (4/4) Lair:3        Slime (6/6) Lair:6
    Orc (2/2) D:12            Elf (3/3) Orc:2        Vaults (5/5) D:13
  Crypt (3/3) Vaults:3       Tomb (0/3) Crypt:3      Depths (5/5) D:15
   Hell (1/1)                 Dis (7/7) Hell            Geh (7/7) Hell
    Coc (7/7) Hell            Tar (7/7) Hell            Zot (0/5) Depths:5

Altars:
Cheibriados
Dithmenos
Gozag
Kikubaaqudgha
Makhleb
Okawaru
Vehumet
Xom
Yredelemnul
Zin
The Shining One
Jiyva
Lugonu

Shops:
D:4 [   D:12 *(?:(   D:14 [   Orc:2 ([*=   Elf:2 =   Elf:3 (   Snake:2 ?
Vaults:1 :   Vaults:2 [   Vaults:4 [}%*   Depths:1 [

Portals:
Hell: Depths:1 Depths:2 Depths:3 Depths:4 Depths:5
Abyss: Depths:1 Depths:4 Depths:5
Pandemonium: Depths:1 Depths:3
Ziggurat: Depths:1


Innate Abilities, Weirdness & Mutations

You can breathe bolts of dispelling energy.
Your rich purple scales are hard (AC +13).
Your body does not fit into most forms of armour.
((You are cold-blooded and may be slowed by cold attacks.))
You are dopey. (Int -2)


Message History

You feel better.
You feel your power returning.
A soul eater comes into view.
You maul the chaos spawn!!!!
You kill the chaos spawn!
The Shining One accepts your kill.
You feel better.
You feel your power returning.
The chaos spawn degenerates into a cloud of primal chaos!
Read which item? (? for menu, Esc to quit)
As you read the scroll of teleportation, it crumbles to dust.
You feel strangely unstable.
You feel sick.
Hathreh gestures.
The smoke demon gestures at you. Something smites you!
* * * LOW HITPOINT WARNING * * *
The Brimstone Fiend gestures at you.
The damnation unfurls!
The damnation engulfs you!
* * * LOW HITPOINT WARNING * * *
The Brimstone Fiend gestures at you.
The damnation unfurls!
The damnation engulfs you!
You die...

#.......# ##...#...#
#....#...# ..
#######...###..###..#
.........## #.......#
.........# #.......#
#######.## ##.####
#.# #.....#
#.####.#D#..#
##..)...#(# ...#
#...##..#.# #.#
#.#.###.#1# .#
#.......#36 .
#..######3# #.. .2.
##. #&# #. ..#


You could see Hathreh, a Brimstone Fiend, a balrug, a gelid corrupter, a soul
eater and a smoke demon.

Vanquished Creatures
  Antaeus (Coc:7)
  the Royal Jelly (Slime:6)
  Asmodeus (Geh:7)
  Dissolution (Slime:4)
  Ereshkigal (Tar:7)
  the Serpent of Hell (Geh:7)
  4 pandemonium lords (Pan)
  Dispater (Dis:7)
  Mennas (Crypt:3)
  Mara (Crypt:3)
  3 ancient liches
  Sojobo (Crypt:3)
  13 shard shrikes
  the Lernaean hydra (Swamp:4)
  Margery (Crypt:2)
  Saint Roka (Vaults:3)
  Norris (Snake:2)
  Geryon (Hell)
  3 golden dragons
  A profane servitor (Abyss:1)
  Jory (Vaults:5)
  19 Tzitzimimeh
  8 doom hounds
  8 iron giants
  9 bone dragons
  Jorgrun (Depths:3)
  21 Brimstone Fiends
  17 Hell Sentinels
  A Cloud Mage (WizLab)
  12 Ice Fiends
  15 liches
  Rupert (Lair:6)
  3 tentacled monstrosities
  Asterion (Vaults:3)
  4 quicksilver dragons
  6 titans
  22 acid blobs
  2 deep elf blademasters
  2 deep elf master archers (Elf:3)
  10 sphinxes
  6 thorn hunters
  4 Executioners
  11 tentacled starspawn
  Kirke (D:12)
  5 tengu reavers
  An eldritch tentacle (Tar:7)
  4 storm dragons
  12 ancient champions
  11 greater nagas
  9 azure jellies
  14 fire giants
  17 shadow dragons
  22 frost giants
  3 revenants
  13 deep elf sorcerers
  16 iron dragons
  Maud (D:12)
  Louise (Depths:4)
  8 cacodemons
  13 balrugs
  2 warmongers (Pan)
  4 orc warlords
  A draconian annihilator (Depths:5)
  11 vault wardens
  9 deep elf elementalists
  11 ghouls
  66 reapers
  An angel (Abyss:2)
  18 ironheart preservers
  24 very ugly things
  3 elemental wellsprings
  22 war gargoyles
  30 stone giants
  6 spriggan defenders
  A blood saint (Pan)
  A green draconian (Depths:5)
  13 vampire knights
  10 salamander stormcallers
  39 large abominations
  8 deep elf annihilators
  A black draconian (Depths:5)
  5 lorocyprocas
  3 chaos champions (Pan)
  Nessos (Lair:6)
  16 deep elf demonologists
  3 corrupters (Pan)
  A purple draconian (Depths:5)
  2 black suns (Pan)
  9 spark wasps
  The ghost of Denapoli the Grappler, a journeyman DrTm of Cheibriados (D:13)
  11 blizzard demons
  A white draconian (Depths:5)
  3 merfolk javelineers
  13 deep elf death magi
  A minotaur (Depths:2)
  6 death oozes (Slime:6)
  16 ettins
  16 fire dragons
  37 vault guards
  8 eidola
  5 jiangshi
  Snorg (D:12)
  A kraken zombie (Coc:7)
  4 quicksilver dragon zombies
  7 deep elf high priests
  A mummy priest (Crypt:3)
  16 great orbs of eyes
  Fannar (Lair:2)
  26 yaktaur captains
  28 naga warriors
  8 entropy weavers
  4 hell beasts
  3 ghost crabs
  6 quicksilver dragon skeletons
  33 hydras
  An ice dragon (shapeshifter) (Vaults:3)
  5 rakshasas
  9 spriggan air magi
  9 centaur warriors
  14 ice dragons
  A ghost crab (shapeshifter) (Abyss:3)
  5 death knights
  4 monstrous demonspawn (Pan)
  8 anacondas
  2 catoblepae (Lair:7)
  8 death yaks
  34 dancing weapons
  17 hell hogs
  11 ogre magi
  9 alligators
  Erica (Lair:2)
  8 deep troll earth magi
  16 thrashing horrors
  A hell hog (shapeshifter) (Vaults:5)
  5 tengu warriors
  21 sun demons
  14 vampire magi
  11 deep troll shamans
  8 titan zombies
  5 orc high priests
  A hellephant zombie (Crypt:2)
  34 soul eaters
  14 naga sharpshooters
  6 spriggan berserkers
  Nergalle (Lair:3)
  Urug (D:15)
  23 deep elf knights
  3 shock serpents (Snake:2)
  2 fire crabs (shapeshifter)
  13 iron golems
  123 skeletal warriors
  26 iron trolls
  6 storm dragon zombies
  3 titan skeletons
  A death drake (shapeshifter) (Vaults:4)
  37 small abominations
  18 wretched stars
  A spark wasp zombie (Crypt:3)
  97 slime creatures
  3 unseen horrors
  A ghost moth zombie (Dis:7)
  3 gelid demonspawn (Pan)
  57 hell knights
  26 shadow wraiths
  18 flayed ghosts
  6 salamander mystics
  32 deep trolls
  3 infernal demonspawn (Pan)
  4 shambling mangroves
  A deep troll (shapeshifter) (Vaults:5)
  6 storm dragon skeletons
  25 deep elf archers
  16 shadow demons
  8 spatial maelstroms
  A death drake (Tar:3)
  9 anaconda zombies
  78 starcursed masses
  9 hill giants
  7 golden dragon zombies
  5 shadow dragon zombies
  18 swamp dragons
  A kraken simulacrum (Hell)
  2 sea snakes (Snake:4)
  An orange crystal statue (Crypt:1)
  4 wizards
  7 giant orange brains
  A lindwurm (Lair:7)
  2 putrid demonspawn
  8 naga ritualists
  3 anaconda skeletons
  3 torturous demonspawn (Pan)
  3 iron dragon zombies
  A harpy (shapeshifter) (Depths:4)
  14 necromancers
  20 orc knights
  94 deep elf magi
  3 stone giant zombies
  23 phantasmal warriors
  6 wolf spider zombies
  8 griffons
  7 wolf spiders
  18 ironbrand convokers
  13 mana vipers
  8 harpies
  9 hornets
  2 oklob plants (Lair:5)
  5 shadow dragon skeletons
  5 cyclopes
  50 ugly things
  An orb spider (shapeshifter) (Vaults:1)
  6 fire giant zombies
  5 manticores
  3 frost giant zombies
  17 salamanders
  10 shining eyes
  7 iron dragon skeletons
  3 worldbinders
  A sphinx skeleton (Vaults:1)
  9 orc sorcerers
  14 elephants
  A shock serpent zombie (Geh:7)
  8 sixfirhies
  An elephant (shapeshifter) (Depths:1)
  7 centaur zombies
  2 fire giant skeletons
  11 molten gargoyles (Geh:7)
  A moth of wrath (shapeshifter) (Depths:1)
  2 black mambas (shapeshifter)
  An octopode (shapeshifter) (Elf:2)
  4 frost giant skeletons
  6 orange demons
  46 black mambas
  5 ice statues (Coc:7)
  52 rust devils
  6 stone giant skeletons
  6 dire elephant skeletons
  6 guardian serpents
  15 vault sentinels
  23 smoke demons
  20 naga magi
  7 dire elephant zombies
  5 apocalypse crabs
  A storm dragon simulacrum (Coc:7)
  2 shock serpent skeletons
  24 spiny frogs
  2 catoblepas zombies
  3 eyes of devastation
  An emperor scorpion zombie (Coc:2)
  3 gargoyles
  A grey draconian zombie (Crypt:1)
  31 tormentors
  4 rime drakes
  44 freezing wraiths
  28 hellions
  5 kobold demonologists
  62 ice devils
  12 komodo dragons
  2 demonic crawlers
  46 yaktaurs
  A tengu conjurer (Depths:5)
  12 efreet
  10 ancient zymes
  3 hellwings (Pan)
  6 guardian mummies (Crypt:3)
  9 spriggan druids
  A troll (shapeshifter) (Depths:5)
  3 harpy zombies
  3 jumping spiders
  11 giant leeches
  17 red devils
  5 silent spectres
  13 hydra zombies
  A queen bee (Abyss:3)
  12 polar bears
  9 trolls
  A shadow dragon simulacrum (Crypt:2)
  9 wind drakes (WizLab)
  2 ice dragon zombies
  A harpy skeleton (D:15)
  19 two-headed ogres
  9 hydra skeletons
  8 bog bodies
  A raiju (shapeshifter) (Vaults:2)
  5 boulder beetles
  29 blink frogs
  2 fire giant simulacra
  26 raiju
  3 fire dragon zombies (Dis:7)
  7 ettin zombies
  5 alligator zombies
  28 redbacks
  17 ynoxinuls
  6 fire dragon skeletons
  41 air elementals
  33 spriggans
  21 shadows
  3 tarantellas
  A black mamba zombie (Geh:2)
  101 flying skulls
  2 ice dragon skeletons
  12 wyverns
  70 yaks
  3 vampires (Depths:2)
  3 tarantellas (shapeshifter)
  4 alligator skeletons
  3 ettin skeletons
  24 water elementals
  Eustachio (D:4)
  3 hogs (D:12)
  24 wraiths
  5 basilisks
  A yak (shapeshifter) (Elf:2)
  A redback (shapeshifter) (Vaults:1)
  A basilisk (shapeshifter) (Depths:1)
  A fire bat (Abyss:2)
  16 hippogriffs
  4 hungry ghosts
  6 chaos spawn
  Menkaure (D:7)
  18 neqoxecs
  3 steam dragons
  A black mamba skeleton (Tar:5)
  14 fire elementals
  A hog (shapeshifter) (Vaults:5)
  42 vampire mosquitoes
  13 golden eyes
  A mottled dragon (shapeshifter) (Vaults:4)
  5 spatial vortices (Abyss:2)
  An ogre zombie (Vaults:1)
  2 soldier ants
  Edmund (D:6)
  36 insubstantial wisps
  22 swamp worms
  5 wargs
  70 nagas
  2 mottled dragons
  2 torturous demonspawn zombies
  A gelid demonspawn zombie (Crypt:2)
  A merfolk zombie (Dis:7)
  A giant eyeball (shapeshifter) (Depths:4)
  19 water moccasins
  11 spiny frog zombies
  A hydra simulacrum (Coc:2)
  Duvessa (D:4)
  58 hell hounds
  16 swamp drakes
  9 porcupines
  2 deep troll zombies (Crypt:1)
  An elephant zombie (Crypt:1)
  A swamp dragon zombie (Coc:4)
  A black bear (shapeshifter) (D:15)
  7 black bears
  20 necrophages
  An eye of draining (shapeshifter) (D:15)
  14 ice beasts
  61 orc warriors
  5 phantoms
  27 wasps
  6 sky beasts
  6 spiny frog skeletons
  14 eyes of draining
  A snapping turtle zombie (Crypt:1)
  27 wolves
  21 centaurs
  50 ogres
  5 boggarts
  2 manticore skeletons
  2 orc skeletons
  4 snapping turtle skeletons
  15 crocodiles
  A hog skeleton (Crypt:3)
  A dryad zombie (Crypt:1)
  3 human skeletons (Vaults:1)
  A swamp dragon skeleton (Coc:7)
  6 big kobolds
  A wyvern zombie (D:14)
  21 giant frogs
  A gnoll sergeant (Orc:1)
  Dowan (D:4)
  7 earth elementals
  5 spiny frog simulacra
  3 scorpions
  A snapping turtle simulacrum (Crypt:3)
  19 killer bees
  2 spriggan skeletons
  43 wights
  8 electric eels
  9 howler monkeys
  11 crimson imps
  A giant frog zombie (D:13)
  2 quasits
  9 centaur skeletons
  23 jellies
  6 giant frog skeletons
  Crazy Yiuf (D:7)
  44 orc priests
  8 hounds
  61 iron imps
  Jessica (D:3)
  2 human zombies
  Terence (D:3)
  5 iguanas
  Natasha (thrice) (D:4)
  36 orc wizards
  16 worker ants
  23 sheep
  A tengu zombie (Tar:5)
  A big kobold skeleton (Crypt:2)
  An ogre skeleton (Crypt:2)
  A tengu skeleton (Crypt:3)
  3 hound skeletons
  9 mummies
  8 gnolls
  A swamp drake zombie (Crypt:2)
  A tengu simulacrum (Abyss:3)
  18 adders
  54 river rats
  15 shadow imps
  23 white imps
  4 ufetubi
  A halfling skeleton (Crypt:1)
  4 worms
  2 dart slugs (D:5)
  9 giant geckos
  151 orcs
  3 ball pythons
  13 giant cockroaches
  6 goblins
  5 hobgoblins
  17 jackals
  19 kobolds
  8 quokkas
  7 bats (D:1)
  A dart slug zombie (Crypt:2)
  6 giant newts
  A kobold zombie (Crypt:2)
  A quokka skeleton (Crypt:3)
  A quokka zombie (D:5)
  11 rats
  5 briar patches
  2 butterflies (D:10)
  A fire vortex (Geh:7)
  A fungus (Swamp:1)
  3 lurking horrors
  4 plants
  A starspawn tentacle (Abyss:1)
  2 tentacles (Hell)
  A tentacle segment (Hell)
4969 creatures vanquished.

Vanquished Creatures (collateral kills)
  4 hydras
  A shadow (Swamp:4)
  2 spriggans (Swamp:4)
  A wolf (Lair:8)
  2 sheep (Lair:8)
10 creatures vanquished.

Vanquished Creatures (others)
  6 eldritch tentacles
  A fire giant (Vaults:5)
  A balrug (Pan)
  A salamander stormcaller (Vaults:4)
  An iron golem (Dis:1)
  A molten gargoyle (Geh:7)
  A smoke demon (Pan)
  A hellion (Tar:7)
  2 blink frogs (Lair:6)
  An air elemental (Depths:5)
  A flying skull (Geh:7)
  A human (D:12)
  A fire elemental (Hell)
  A neqoxec (Abyss:2)
  A spiny frog zombie (Coc:7)
  A hell hound (Tar:5)
  A boggart (Depths:1)
  2 small abominations
  A human zombie (Vaults:1)
  A killer bee (Abyss:3)
  A starcursed mass (Abyss:2)
  An iron imp (Dis:7)
  A ball lightning (Lair:6)
  3 briar patches (Swamp:4)
  A bush (Lair:8)
  485 eldritch tentacle segments
  A fire vortex (Vaults:4)
  47 fungi
  5 lost souls
  A lurking horror (Abyss:2)
  71 plants
  19 starspawn tentacles
  57 starspawn tentacle segments
  8 tentacles
  87 tentacle segments
815 creatures vanquished.

Grand Total: 5794 creatures vanquished

Notes
Turn   | Place    | Note
--------------------------------------------------------------
     0 | D:1      | Vasya666 the Draconian Transmuter began the quest for the Orb.
     0 | D:1      | Reached XP level 1. HP: 16/16 MP: 3/3
   920 | D:1      | Reached XP level 2. HP: 18/23 MP: 5/5
  1114 | D:1      | Found a glowing golden altar of the Shining One.
  1129 | D:1      | Became a worshipper of the Shining One
  1247 | D:1      | Fell from the grace of the Shining One
  1381 | D:1      | Reached XP level 3. HP: 29/29 MP: 4/6
  1566 | D:1      | Learned a level 2 spell: Sticks to Snakes
  1570 | D:1      | Learned a level 3 spell: Spider Form
  2613 | D:3      | Found a burning altar of Makhleb.
  2621 | D:3      | Reached XP level 4. HP: 33/36 MP: 5/7
  2766 | D:3      | Noticed Terence
  2780 | D:3      | Killed Terence
  2780 | D:3      | Reached XP level 5. HP: 7/42 MP: 2/8
  3110 | D:3      | Noticed Jessica
  3131 | D:3      | Killed Jessica
  3744 | D:4      | Noticed an ogre
  3751 | D:4      | Killed an ogre
  3751 | D:4      | Reached XP level 6. HP: 51/51 MP: 5/10
  3764 | D:4      | Noticed Eustachio
  3837 | D:4      | Killed Eustachio
  3972 | D:4      | Found a glowing golden altar of the Shining One.
  3974 | D:4      | Noticed an angel
  3981 | D:4      | Found a basalt altar of Yredelemnul.
  3981 | D:4      | Noticed Natasha
  3986 | D:4      | Killed Natasha
  3987 | D:4      | Noticed a profane servitor
  4000 | D:4      | Found a staircase to the Ecumenical Temple.
  4035 | D:4      | Reached skill level 5 in Unarmed Combat
  4035 | D:4      | Your scales start taking on a rich purple colour.
  4035 | D:4      | Reached XP level 7. HP: 46/58 MP: 7/12
  4165 | D:4      | Noticed Natasha
  4186 | D:4      | Killed Natasha
  4242 | D:4      | Found Extot's Antique Armour Shoppe.
  4242 | D:4      | Noticed Dowan
  4405 | D:4      | Noticed Duvessa
  4420 | D:4      | Killed Duvessa
  4440 | D:4      | Killed Dowan
  4477 | D:4      | Bought a runed cloak for 112 gold pieces
  4482 | D:4      | Bought a pair of embroidered boots for 112 gold pieces
  4548 | D:4      | Noticed Natasha
  4559 | D:4      | Killed Natasha
  4725 | D:5      | Entered Level 5 of the Dungeon
  5104 | D:5      | Found a shadowy altar of Dithmenos.
  5257 | D:5      | Reached XP level 8. HP: 59/67 MP: 7/14
  5312 | D:5      | Found a snail-covered altar of Cheibriados.
  5352 | D:5      | You fall through a shaft!
  5352 | D:6      | Noticed Edmund
  5378 | D:6      | Killed Edmund
  5378 | D:6      | Reached skill level 5 in Fighting
  5739 | D:6      | Reached skill level 5 in Spellcasting
  6434 | D:6      | Learned a level 4 spell: Ice Form
  6440 | D:6      | Learned a level 5 spell: Blade Hands
  7564 | D:7      | Reached skill level 5 in Dodging
  7572 | D:7      | Reached XP level 9. HP: 38/75 MP: 14/17
  7808 | D:7      | Noticed Crazy Yiuf
  7846 | D:7      | Killed Crazy Yiuf
  8697 | D:7      | Noticed Menkaure
  8790 | D:7      | Killed Menkaure
  9183 | D:8      | Found a shimmering altar of Xom.
 10062 | D:9      | Reached skill level 5 in Transmutations
 10137 | D:9      | Found an iron altar of Okawaru.
 10487 | D:9      | Reached XP level 10. HP: 72/86 MP: 19/19
 10918 | D:9      | Found a basalt altar of Yredelemnul.
 10944 | D:9      | Found an opulent altar of Gozag.
 11273 | D:9      | Found an opulent altar of Gozag.
 11491 | D:10     | Entered Level 10 of the Dungeon
 11862 | D:10     | Found a runed door.
 11882 | D:10     | Found a runed door.
 12019 | D:10     | Reached skill level 10 in Unarmed Combat
 12158 | D:4      | Became a worshipper of the Shining One
 13183 | D:10     | Found a staircase to the Lair.
 13261 | D:10     | Reached XP level 11. HP: 86/95 MP: 21/21
 13455 | D:11     | Found a glowing silver altar of Zin.
 13588 | D:11     | Noticed a purple ugly thing
 13601 | D:11     | Killed a red ugly thing
 13875 | D:11     | Noticed a white ugly thing
 14371 | D:10     | Killed a white ugly thing
 14443 | D:11     | Reached * piety under the Shining One
 15105 | Lair:1   | Entered Level 1 of the Lair of Beasts
 16458 | Lair:2   | Reached XP level 12. HP: 102/106 MP: 17/24
 16507 | Lair:2   | Reached ** piety under the Shining One
 16619 | Lair:2   | Noticed Erica
 16625 | Lair:2   | HP: 2/106 [Erica/orb of energy (28)]
 16632 | Lair:2   | Noticed Fannar
 16640 | Lair:2   | Killed Fannar
 16640 | Lair:2   | Reached skill level 10 in Fighting
 17424 | Lair:2   | Killed Erica
 18133 | Lair:3   | Noticed Nergalle
 18140 | Lair:3   | Found a staircase to the Swamp.
 18219 | Lair:3   | Killed Nergalle
 18262 | Lair:3   | Found a staircase to the Snake Pit.
 18626 | Lair:3   | Noticed an eight-headed hydra
 18636 | Lair:3   | Killed an eight-headed hydra
 19793 | Lair:4   | Reached XP level 13. HP: 116/116 MP: 20/26
 21912 | Lair:5   | Reached skill level 10 in Spellcasting
 22410 | Lair:6   | Noticed Nessos
 22443 | Lair:6   | Killed Nessos
 22573 | Lair:6   | Found a viscous altar of Jiyva.
 22573 | Lair:6   | Found a staircase to the Slime Pits.
 22765 | Lair:6   | Reached *** piety under the Shining One
 22790 | Lair:6   | Noticed Rupert
 22821 | Lair:6   | Killed Rupert
 22821 | Lair:6   | Reached skill level 10 in Dodging
 23814 | Lair:6   | Reached XP level 14. HP: 67/126 MP: 23/28
 26020 | Lair:8   | Entered Level 8 of the Lair of Beasts
 26303 | Lair:8   | Reached **** piety under the Shining One
 27344 | Lair:8   | Reached skill level 10 in Transmutations
 28940 | Lair:8   | Reached XP level 15. HP: 112/135 MP: 20/30
 30288 | D:12     | Found Udotu's Book Emporium.
 30357 | D:12     | Reached ***** piety under the Shining One
 30365 | D:12     | Found Ecaegoysm's Weapon Boutique.
 30436 | D:12     | Found Xiqar's General Store.
 30437 | D:12     | Noticed Kirke
 30462 | D:12     | Killed Kirke
 30462 | D:12     | Reached skill level 15 in Unarmed Combat
 30671 | D:12     | Noticed Snorg
 30680 | D:12     | Killed Snorg
 30768 | D:12     | Found Kotzemi's Magic Scroll Shoppe.
 30776 | D:12     | Bought a scroll of identify for 26 gold pieces
 30776 | D:12     | Bought a scroll of teleportation for 39 gold pieces
 30776 | D:12     | Bought a scroll of identify for 26 gold pieces
 30799 | D:12     | Found Illupp's Antique Weapon Boutique.
 30976 | D:12     | Found a staircase to the Orcish Mines.
 31141 | D:12     | Noticed Maud
 31155 | D:12     | Killed Maud
 31659 | Orc:1    | Entered Level 1 of the Orcish Mines
 32038 | Orc:2    | Entered Level 2 of the Orcish Mines
 33316 | Orc:1    | Reached ****** piety under the Shining One
 33609 | Orc:2    | Noticed an orc warlord
 33633 | Orc:1    | Killed an orc warlord
 34567 | Orc:2    | Found Rimn's General Store.
 34575 | Orc:2    | Found Jiqahiocu's Antique Armour Emporium.
 34594 | Orc:2    | Found Lool's Antique Weapon Shoppe.
 34604 | Orc:2    | Found Geluw's Jewellery Emporium.
 34880 | Orc:2    | Found a staircase to the Elven Halls.
 35309 | Orc:2    | Bought the ring of the Mage {Wiz MR++ Int+3} for 827 gold pieces
 35586 | D:13     | Found a gate to the Vaults.
 36000 | D:13     | Noticed Denapoli's ghost (journeyman DrTm)
 36018 | D:13     | Killed Denapoli's ghost
 36495 | D:13     | Reached XP level 16. HP: 146/146 MP: 32/32
 37312 | D:14     | Found Meugiac's Antique Armour Emporium.
 37988 | D:15     | Entered Level 15 of the Dungeon
 38155 | D:15     | Noticed Urug
 38168 | D:15     | Killed Urug
 38774 | D:15     | Found a staircase to the Depths.
 39468 | Swamp:1  | Entered Level 1 of the Swamp
 40072 | Swamp:1  | Noticed a thorn hunter
 40779 | Swamp:1  | Killed a thorn hunter
 42286 | Swamp:2  | Noticed a thorn hunter
 42306 | Swamp:2  | Killed a thorn hunter
 42738 | Swamp:2  | Noticed a thorn hunter
 42921 | Swamp:2  | Reached skill level 15 in Fighting
 43049 | Swamp:2  | Killed a thorn hunter
 44458 | Swamp:3  | Reached XP level 17. HP: 151/156 MP: 30/33
 45437 | Swamp:4  | Entered Level 4 of the Swamp
 49739 | Swamp:4  | Noticed the 27-headed Lernaean hydra
 51589 | Swamp:4  | Killed the 26-headed Lernaean hydra
 51934 | Swamp:4  | Got a decaying rune of Zot
 52496 | Snake:1  | Entered Level 1 of the Snake Pit
 53550 | Snake:1  | Reached skill level 15 in Dodging
 53865 | Snake:1  | Reached XP level 18. HP: 93/166 MP: 26/35
 54991 | Snake:2  | Learned a level 6 spell: Statue Form
 55065 | Snake:2  | Found Mudoifful's Magic Scroll Emporium.
 55075 | Snake:2  | Bought a scroll of identify for 32 gold pieces
 55075 | Snake:2  | Bought a scroll of teleportation for 48 gold pieces
 55075 | Snake:2  | Bought a scroll of identify for 32 gold pieces
 56104 | Snake:3  | Noticed Norris
 56135 | Snake:2  | HP: 2/215 [Norris/dagger (36)]
 56940 | Snake:2  | Killed Norris
 58299 | Snake:3  | HP: 4/167 [naga sharpshooter/arrow (16)]
 58854 | Snake:4  | Entered Level 4 of the Snake Pit
 59907 | Snake:4  | Reached XP level 19. HP: 174/174 MP: 29/37
 60669 | Snake:4  | Got a serpentine rune of Zot
 61731 | Elf:1    | Entered Level 1 of the Elven Halls
 61785 | Elf:1    | Found a radiant altar of Vehumet.
 62021 | Elf:1    | Found a flickering gateway to a bazaar.
 62031 | Bazaar   | Entered a bazaar
 62031 | Bazaar   | Found Socwagh's Antique Weapon Shop.
 62045 | Bazaar   | Found Jiredierr's Antique Armour Shop.
 62067 | Bazaar   | Found Vaulluash's Distillery.
 62075 | Bazaar   | Bought a potion of curing for 30 gold pieces
 62075 | Bazaar   | Bought a potion of curing for 30 gold pieces
 62134 | Elf:1    | HP: 8/174 [deep elf archer/arrow (15)]
 63902 | Elf:2    | Found Wuwud's Jewellery Shop.
 63918 | Elf:2    | Bought a +5 ring of evasion for 770 gold pieces
 63959 | Elf:2    | Found a runed gate.
 63959 | Elf:2    | Found a runed gate.
 63959 | Elf:2    | Found a runed gate.
 64715 | Elf:2    | Reached XP level 20. HP: 184/184 MP: 34/38
 64855 | Elf:2    | Gained mutation: Your system is resistant to poisons. [potion of beneficial mutation]
 64860 | Elf:3    | Entered Level 3 of the Elven Halls
 65083 | Elf:3    | Found Aghecikk's Antique Weapon Shop.
 65186 | Elf:3    | Identified Rivo Ylo's Guide on Feathers
 65520 | Elf:3    | Learned a level 7 spell: Dragon Form
 65928 | Elf:3    | Reached skill level 15 in Spellcasting
 65948 | Elf:3    | HP: 13/280 [air elemental (5)]
 66217 | Elf:3    | Got a fine granite ring
 66255 | Elf:3    | Got a translucent pewter ring
 66259 | Elf:3    | Got a slimy platinum ring
 66405 | Elf:3    | Learned a level 2 spell: Repel Missiles
 66621 | Elf:3    | Identified the ring of Dofaw {EV+2 Slay+3} (You took it off a deep elf demonologist on level 3 of the Elven Halls)
 66622 | Elf:3    | Identified the ring of Liberalism {Ice rElec MR+} (You took it off an orc high priest on level 3 of the Elven Halls)
 66712 | Elf:3    | Noticed a Tzitzimitl
 66844 | Elf:3    | Got a crude jade ring
 66957 | Elf:3    | Identified the Tome of Cold and Enhancements
 67322 | Orc:2    | Bought a scroll of identify for 36 gold pieces
 67322 | Orc:2    | Bought a scroll of identify for 36 gold pieces
 67322 | Orc:2    | Identified the cursed ring "Meyfitwo" {Dex-3 SInv} (You took it off a deep elf demonologist on level 3 of the Elven Halls)
 67323 | Orc:2    | Identified the cursed ring of Liujy {MR+ Int-2} (You took it off an orc on level 3 of the Elven Halls)
 67817 | Vaults:1 | Entered Level 1 of the Vaults
 67915 | Vaults:1 | Found Taomam's Book Emporium.
 67950 | Vaults:1 | Reached XP level 21. HP: 194/194 MP: 35/40
 68054 | Vaults:1 | Found a magical portal.
 68107 | WizLab   | Entered The Chambers of Woneahun the Cloud Mage
 68660 | WizLab   | Identified the Papyrus of the Birds
 68666 | WizLab   | Identified the Disquisition on Feathers
 70488 | Vaults:2 | Got a glittering turquoise ring
 70711 | Vaults:2 | Identified the Papyrus of the Frostbite and Air
 70741 | Vaults:2 | Identified a scroll of acquirement
 70742 | Vaults:2 | Identified the ring of Oenomania {SustAt +Blink rC+} (You found it on level 2 of the Vaults)
 70871 | Vaults:2 | Found a portal to a secret trove of treasure.
 71150 | Vaults:2 | Found Mola's Antique Armour Emporium.
 71157 | Vaults:2 | Bought a pair of ichor-stained gloves for 275 gold pieces
 71168 | Vaults:2 | Identified the cursed -5 pair of gloves of the Other Side {rPois rC+} (You bought it in a shop on level 2 of the Vaults)
 71434 | Vaults:2 | You are sucked into a shaft for 2 floors!
 71442 | Vaults:4 | Found Izofif's Gadget Boutique.
 71473 | Vaults:4 | Reached XP level 22. HP: 204/204 MP: 37/42
 71756 | Vaults:4 | Found Xaenod's Assorted Antiques.
 71760 | Vaults:4 | Bought a scroll of recharging for 342 gold pieces
 71760 | Vaults:4 | Bought a scroll labeled ORUYGIRAFO for 36 gold pieces
 72056 | Vaults:4 | Found Mollommi's Food Emporium.
 72219 | Vaults:4 | Found Zetwaa's Armour Shoppe.
 72581 | Vaults:4 | Reached skill level 15 in Transmutations
 74121 | Lair:2   | Gained mutation: Your skin changes colour to match your surroundings (Stealth). [potion of beneficial mutation]
 74308 | Vaults:2 | You paid a toll of 7 potions of haste to enter a treasure trove
 74309 | Trove    | Entered a treasure trove
 74322 | Trove    | Got an ancient emerald amulet
 74327 | Trove    | Got a slimy ruby amulet
 74335 | Trove    | Got a pair of dazzling gloves
 74351 | Trove    | Identified the amulet "Xubbam" {+Blink +Rage rN+ Str+4} (You found it in a treasure trove)
 74352 | Trove    | Identified the amulet of Yendor {Reflect +Inv Str-5 Dex+7 SH+5} (You found it in a treasure trove)
 74378 | Trove    | Identified the +1 pair of gloves of Uniaxkuo {rN++ Str+3} (You found it in a treasure trove)
 74647 | Vaults:3 | Noticed Saint Roka
 74660 | Vaults:3 | Killed Saint Roka
 74754 | Vaults:3 | Noticed Asterion
 74760 | Vaults:3 | Killed Asterion
 75354 | Vaults:3 | Found a staircase to the Crypt.
 75354 | Vaults:3 | Found an ancient bone altar of Kikubaaqudgha.
 75355 | Vaults:3 | Found a basalt altar of Yredelemnul.
 75985 | Vaults:5 | Entered Level 5 of the Vaults
 76056 | Vaults:4 | Reached XP level 23. HP: 213/213 MP: 43/43
 76355 | Vaults:5 | Noticed Jory
 76575 | Vaults:5 | Killed Jory
 77687 | Vaults:5 | Got a silver rune of Zot
 78326 | Vaults:5 | Got a distressingly furry cloak
 78507 | Vaults:5 | Noticed an ancient lich
 78511 | Vaults:5 | Reached XP level 24. HP: 224/224 MP: 44/44
 78635 | Vaults:5 | Killed an ancient lich
 79397 | Vaults:2 | Got a pair of faintly humming gloves
 79416 | Vaults:2 | Identified the +0 pair of gloves of the Hunter {Str+4 SInv} (You found it on level 2 of the Vaults)
 79446 | Vaults:2 | Identified the cursed +0 cloak of Vuemoxedgh {Regen+ Dex+2} (You found it on level 5 of the Vaults)
 79657 | Lair:2   | Learned a level 6 spell: Hydra Form
 79953 | Crypt:1  | Entered Level 1 of the Crypt
 80821 | Crypt:1  | Found an ancient bone altar of Kikubaaqudgha.
 80990 | Crypt:2  | Noticed Margery
 81150 | Crypt:2  | Killed Margery
 81692 | Crypt:3  | Entered Level 3 of the Crypt
 81988 | Crypt:3  | Noticed Mennas
 82008 | Crypt:3  | Killed Mennas
 82008 | Crypt:3  | Reached XP level 25. HP: 234/234 MP: 45/45
 82107 | Crypt:3  | Noticed Sojobo
 82109 | Crypt:3  | Noticed Mara
 82128 | Crypt:3  | Killed Sojobo
 82135 | Crypt:3  | Killed Mara
 82305 | Crypt:3  | Found an ancient bone altar of Kikubaaqudgha.
 82312 | Crypt:3  | Noticed an ancient lich
 82319 | Crypt:3  | Killed an ancient lich
 82323 | Crypt:3  | Found a basalt altar of Yredelemnul.
 82346 | Crypt:3  | Identified Sif Muna's Grimoire of the Oath
 82626 | Crypt:3  | Found a staircase to the Tomb.
 83320 | Lair:2   | Learned a level 9 spell: Dragon's Call
 83333 | Lair:2   | Learned a level 8 spell: Controlled Blink
 83438 | D:12     | Bought a book of Enchantments for 750 gold pieces
 83457 | D:11     | Learned a level 5 spell: Yara's Violent Unravelling
 83547 | Lair:2   | Learned a level 1 spell: Summon Butterflies
 83558 | Lair:2   | Learned a level 6 spell: Haste
 83565 | Lair:2   | Learned a level 6 spell: Deflect Missiles
 84212 | Depths:1 | Entered Level 1 of the Depths
 84219 | Depths:1 | Found Gorheneu's Antique Armour Shoppe.
 85679 | Depths:1 | Found a gateway to a ziggurat.
 85756 | Depths:1 | Reached skill level 1 in Air Magic
 85790 | Depths:1 | Found a one-way gate leading to the halls of Pandemonium.
 85835 | Depths:1 | Found a one-way gate to the infinite horrors of the Abyss.
 85850 | Depths:1 | Found a huge runed gate.
 85850 | Depths:1 | Found a huge runed gate.
 85850 | Depths:1 | Found a huge runed gate.
 85850 | Depths:1 | Found a huge runed gate.
 85850 | Depths:1 | Found a huge runed gate.
 85850 | Depths:1 | Found a huge runed gate.
 85850 | Depths:1 | Found a huge runed gate.
 85850 | Depths:1 | Found a huge runed gate.
 85850 | Depths:1 | Found a huge runed gate.
 85850 | Depths:1 | Found a huge runed gate.
 86285 | Depths:1 | Found a gateway to Hell.
 87123 | Depths:2 | Reached XP level 26. HP: 246/246 MP: 45/45
 89035 | Depths:3 | Noticed Jorgrun
 89044 | Depths:3 | Killed Jorgrun
 89405 | Depths:4 | Noticed Louise
 89413 | Depths:4 | Killed Louise
 90748 | Depths:5 | Entered Level 5 of the Depths
 90789 | Depths:5 | Reached XP level 27. HP: 256/256 MP: 46/46
 90818 | Depths:5 | Learned a level 2 spell: Blink
 90870 | Depths:5 | Found a corrupted altar of Lugonu.
 91043 | Depths:5 | Found a gate to the Realm of Zot.
 91321 | Depths:5 | Learned a level 3 spell: Ozocubu's Armour
 92766 | Depths:5 | Upgraded the game from 0.18.1-6-gd335043 to 0.18.1-8-gdd0e5ea
 93412 | Lair:2   | Got a fine graven amulet
 93415 | Lair:2   | Identified the amulet of Unim {Faith Dex+5} (You acquired it on level 2 of the Lair of Beasts)
 93756 | Hell     | Entered the Vestibule of Hell
 93756 | Hell     | Noticed Geryon
 94074 | Depths:1 | Reached skill level 1 in Charms
 94394 | Hell     | Killed Geryon
 94722 | Hell     | Found a gateway to the decaying netherworld of Tartarus.
 94776 | Hell     | Found a gateway to the freezing wastes of Cocytus.
 94840 | Hell     | Found a gateway to the Iron City of Dis.
 94874 | Hell     | Found a gateway to the ashen valley of Gehenna.
 94931 | Tar:1    | Entered Level 1 of Tartarus
 95342 | Tar:2    | Reached skill level 1 in Invocations
 96607 | Tar:7    | Entered Level 7 of Tartarus
 96761 | Tar:7    | Noticed an ancient lich
 96769 | Tar:7    | Killed an ancient lich
 96773 | Tar:7    | Reached skill level 5 in Invocations
 97139 | Tar:7    | Noticed Ereshkigal
 97158 | Tar:7    | Killed Ereshkigal
 97353 | Tar:7    | Got a bone rune of Zot
 97602 | Tar:7    | Got a pitted bone ring
 97765 | Tar:7    | Reached skill level 5 in Charms
 98033 | Tar:7    | Identified the ring "Jyrph" {Str+6 Dex+4} (You found it on level 7 of Tartarus)
 99046 | Dis:1    | Entered Level 1 of the Iron City of Dis
 99570 | Vaults:4 | Bought a meat ration for 50 gold pieces
 99570 | Vaults:4 | Bought a bread ration for 50 gold pieces
 99570 | Vaults:4 | Bought a meat ration for 50 gold pieces
 99570 | Vaults:4 | Bought a beef jerky for 15 gold pieces
 99570 | Vaults:4 | Bought a bread ration for 50 gold pieces
 99570 | Vaults:4 | Bought a bread ration for 50 gold pieces
 99570 | Vaults:4 | Bought a meat ration for 50 gold pieces
 99570 | Vaults:4 | Bought a bread ration for 50 gold pieces
 99570 | Vaults:4 | Bought a bread ration for 50 gold pieces
 99570 | Vaults:4 | Bought a meat ration for 50 gold pieces
 99570 | Vaults:4 | Bought a bread ration for 50 gold pieces
 99927 | Depths:1 | Voluntarily entered the Abyss.
 99988 | Abyss:1  | Found a bloodstained altar of Trog.
100009 | Abyss:1  | Found a bloodstained altar of Trog.
100191 | Abyss:1  | Paralysed by you for 4 turns
101110 | Depths:1 | Escaped the Abyss
101454 | Slime:1  | Entered Level 1 of the Pits of Slime
101649 | Slime:1  | Reached skill level 27 in Unarmed Combat
101735 | Slime:2  | Gained mutation: You are frail (-10% HP). [a shining eye]
101776 | Slime:2  | Gained mutation: You are dopey. (Int -2) [a shining eye]
102759 | Slime:4  | Noticed Dissolution
102765 | Slime:4  | Killed Dissolution
102985 | Slime:5  | Gained mutation: You have an increased reservoir of magic (+10% MP). [a shining eye]
102985 | Slime:5  | Gained mutation: Scrolls take you a little longer to read. [a shining eye]
103078 | Slime:6  | Entered Level 6 of the Pits of Slime
103104 | Slime:6  | Noticed the Royal Jelly
103107 | Slime:6  | Killed the Royal Jelly
103132 | Slime:6  | HP: 16/355 [acid (9)]
103688 | Slime:6  | Got a slimy rune of Zot
103700 | Slime:6  | Got a faintly glowing cloak
103723 | Slime:6  | Got a sparkling granite ring
103772 | Slime:6  | Identified the ring "Gaemp" {SustAt Fragile rPois rF+ rC+} (You found it on level 6 of the Pits of Slime)
103774 | Slime:6  | Identified the +0 cloak "Vugazif" {Int+2} (You found it on level 6 of the Pits of Slime)
104015 | Lair:2   | Lost mutation: You are dopey. (Int -2) [potion of cure mutation]
104015 | Lair:2   | Lost mutation: You are frail (-10% HP). [potion of cure mutation]
104015 | Lair:2   | Lost mutation: Scrolls take you a little longer to read. [potion of cure mutation]
104015 | Lair:2   | Lost mutation: Your system is resistant to poisons. [potion of cure mutation]
104489 | Dis:1    | Reached skill level 10 in Invocations
104598 | Dis:1    | Cast into level 2 of the Abyss (reaper)
104660 | Abyss:2  | Found a corrupted altar of Lugonu.
104841 | Abyss:2  | Found a corrupted altar of Lugonu.
104901 | Abyss:2  | Paralysed by accursed screaming for 1 turns
105342 | Dis:1    | Escaped the Abyss
106107 | Dis:7    | Entered Level 7 of the Iron City of Dis
106461 | Dis:7    | Reached skill level 10 in Charms
107199 | Dis:7    | Cast into level 3 of the Abyss (reaper)
107277 | Dis:7    | Escaped the Abyss
107300 | Dis:7    | Reached skill level 27 in Dodging
107843 | Dis:7    | Noticed Dispater
107864 | Dis:7    | Killed Dispater
107948 | Dis:7    | Got an iron rune of Zot
107997 | Dis:7    | Reached skill level 27 in Fighting
108056 | Dis:7    | Reached skill level 1 in Translocations
108115 | Dis:7    | Reached skill level 1 in Summonings
108574 | Coc:1    | Entered Level 1 of Cocytus
109150 | Coc:7    | Entered Level 7 of Cocytus
109385 | Coc:7    | Got a steaming cloak
109389 | Coc:7    | Identified the cursed +0 cloak "Aratudue" {rN+ Slay+3 Stlth+} (You found it on level 7 of Cocytus)
109484 | Coc:7    | Reached skill level 5 in Summonings
109484 | Coc:7    | Reached skill level 5 in Translocations
110197 | Coc:7    | Noticed Antaeus
110219 | Coc:7    | Killed Antaeus
110260 | Coc:7    | Got an icy rune of Zot
110554 | Coc:7    | Gained mutation: You regenerate slowly when monsters are visible. [mutagenic glow]
110885 | Lair:2   | Lost mutation: You regenerate slowly when monsters are visible. [potion of cure mutation]
110885 | Lair:2   | Lost mutation: You have an increased reservoir of magic (+10% MP). [potion of cure mutation]
110885 | Lair:2   | Lost mutation: Your skin changes colour to match your surroundings (Stealth). [potion of cure mutation]
110915 | Lair:2   | Learned a level 9 spell: Dragon's Call
111280 | Depths:1 | Voluntarily entered the Abyss.
111318 | Abyss:1  | Paralysed by accursed screaming for 1 turns
111337 | Abyss:1  | Paralysed by accursed screaming for 2 turns
111566 | Abyss:2  | Found a corrupted altar of Lugonu.
111661 | Abyss:2  | Gained mutation: Scrolls take you a little longer to read. [a shining eye]
112018 | Abyss:2  | Paralysed by accursed screaming for 1 turns
112977 | Abyss:3  | Got an abyssal rune of Zot
113057 | Abyss:3  | Gained mutation: You do not regenerate naturally when monsters are visible. [a neqoxec]
113153 | Depths:1 | Escaped the Abyss
113242 | Geh:1    | Entered Level 1 of Gehenna
113274 | Geh:1    | Lost mutation: Scrolls take you a little longer to read. [potion of cure mutation]
113274 | Geh:1    | Lost mutation: You regenerate slowly when monsters are visible. [potion of cure mutation]
113707 | Geh:7    | Entered Level 7 of Gehenna
113793 | Geh:7    | Noticed the Serpent of Hell
113799 | Geh:7    | Reached skill level 27 in Spellcasting
113810 | Geh:7    | Killed the Serpent of Hell
113907 | Geh:7    | HP: 17/409 [balrug/bolt of fire (5)]
113948 | Geh:7    | Reached skill level 10 in Summonings
114127 | Geh:7    | Reached skill level 10 in Translocations
115155 | Geh:7    | Noticed Asmodeus
115167 | Geh:7    | Killed Asmodeus
115194 | Geh:7    | Got an obsidian rune of Zot
115619 | Pan      | Entered Pandemonium
115669 | Pan      | Noticed Ydiweakk the pandemonium lord
115685 | Pan      | Killed Ydiweakk the pandemonium lord
115729 | Pan      | Got a flickering bronze amulet
115730 | Pan      | Identified the amulet "Wukafad" {Gourm rC++} (You found it in Pandemonium)
115955 | Pan      | Noticed Enuyph the pandemonium lord
115973 | Pan      | Killed Enuyph the pandemonium lord
115977 | Pan      | Gained mutation: You are dopey. (Int -2) [a cacodemon]
116086 | Pan      | Noticed Jofe Efu the pandemonium lord
116106 | Pan      | Killed Jofe Efu the pandemonium lord
116559 | Pan      | Reached skill level 15 in Summonings
116609 | Pan      | Noticed Qukain the pandemonium lord
116619 | Pan      | Killed Qukain the pandemonium lord
116736 | Pan      | Found an exit through the horrors of the Abyss.
116837 | Pan      | Found an exit through the horrors of the Abyss.
116885 | Pan      | Noticed Hathreh the pandemonium lord
116892 | Pan      | Killed from afar by a Brimstone Fiend

Skill      XL: |  1  2  3  4  5  6  7  8  9 10 11 12 13 14 15 16 17 18 19 20 21 22 23 24 25 26 27 |
---------------+----------------------------------------------------------------------------------+-----
Dodging        | 2 3 5 6 7 8 9 10 11 12 13 15 16 17 18 19 20 21 22 23 27 | 27.0
Fighting       | 2 3 4 6 7 8 9 11 12 13 14 15 16 17 18 19 20 21 22 27 | 27.0
Unarmed Combat | 4 5 6 7 8 10 11 12 13 14 15 16 17 18 19 20 21 22 23 24 27 | 27.0
Spellcasting   | 3 4 5 6 7 8 9 10 11 12 13 14 15 16 17 18 19 27 | 27.0
Transmutations | 3 4 5 6 7 8 9 10 11 12 13 14 15 16 | 16.0
Air Magic      | 1 3 |  3.1
Charms         | 11 | 11.1
Invocations    | 12 | 12.0
Translocations | 14 | 14.9
Summonings     | 15 | 15.6
Long Blades    | |  0.8
Staves         | |  0.8
Bows           | |  0.8

Action                   |  1- 3 |  4- 6 |  7- 9 | 10-12 | 13-15 | 16-18 | 19-21 | 22-24 | 25-27 || total
-------------------------+-------+-------+-------+-------+-------+-------+-------+-------+-------++-------
Melee: Unarmed           |   208 |   114 |   445 |   754 |  1464 |  1592 |  1269 |  1174 |  4667 || 11687
       Tailslap          |    17 |     4 |    10 |    59 |   154 |   169 |   128 |   218 |   685 ||  1444
       Kick              |     9 |     4 |       |       |       |       |       |       |       ||    13
       Headbutt          |     8 |     1 |    10 |     9 |       |     3 |       |       |       ||    31
       Punch             |     2 |       |     3 |    23 |    90 |    87 |    96 |   132 |   490 ||   923
       Bite              |       |       |       |       |       |       |    58 |   144 |   462 ||   664
       Staff             |       |       |       |       |       |       |     2 |       |       ||     2
 Cast: Beastly Appendage |    30 |     8 |    11 |    24 |     3 |     3 |       |       |       ||    79
       Spider Form       |     1 |    11 |    50 |    11 |       |       |       |       |       ||    73
       Blade Hands       |       |       |       |    51 |   132 |   133 |     9 |       |     3 ||   328
       Sticks to Snakes  |       |       |       |     1 |    19 |    44 |       |       |       ||    64
       Ice Form          |       |       |       |     1 |     8 |    32 |     1 |       |       ||    42
       Statue Form       |       |       |       |       |       |    19 |    50 |     1 |     1 ||    71
       Dragon Form       |       |       |       |       |       |       |    39 |    67 |   247 ||   353
       Repel Missiles    |       |       |       |       |       |       |       |       |    10 ||    10
       Summon Butterflie |       |       |       |       |       |       |       |       |     5 ||     5
       Haste             |       |       |       |       |       |       |       |       |    17 ||    17
       Ozocubu's Armour  |       |       |       |       |       |       |       |       |    11 ||    11
       Deflect Missiles  |       |       |       |       |       |       |       |       |     3 ||     3
       Yara's Violent Un |       |       |       |       |       |       |       |       |     2 ||     2
       Blink             |       |       |       |       |       |       |       |       |     1 ||     1
Invok: Renounce Religion |     1 |       |       |       |       |       |       |       |       ||     1
       Divine Shield     |       |       |       |       |       |     1 |     1 |       |       ||     2
       Cleansing Flame   |       |       |       |       |       |       |       |       |    52 ||    52
 Abil: Breathe Dispellin |       |       |     9 |     2 |     3 |       |     1 |     3 |     1 ||    19
       End Transformatio |       |       |     1 |       |     6 |     2 |     2 |     1 |     1 ||    13
Evoke: Wand              |       |       |     1 |     7 |     1 |     2 |     1 |     2 |     7 ||    21
  Use: Scroll            |       |       |     9 |    13 |    12 |    27 |    19 |     5 |    26 ||   111
       Potion            |       |       |     3 |     3 |     5 |     8 |     7 |     2 |    16 ||    44
 Stab: Distracted        |       |       |       |       |       |       |       |       |     1 ||     1
  Eat: Chunk             |     6 |     6 |    21 |    31 |    63 |    25 |    62 |    24 |    59 ||   297
       Meat ration       |       |       |     1 |     2 |     1 |     6 |     1 |     2 |    10 ||    23
       Fruit             |       |       |     1 |     5 |     8 |     2 |       |       |     2 ||    18
       Beef jerky        |       |       |     1 |       |     1 |     1 |       |     1 |     6 ||    10
       Pizza             |       |       |       |     1 |       |     2 |     1 |     3 |     6 ||    13
       Royal jelly       |       |       |       |       |     1 |     7 |       |       |     2 ||    10
       Bread ration      |       |       |       |       |     1 |     5 |     2 |     1 |     9 ||    18
Armor: Skin              |    66 |    14 |    40 |   124 |   306 |   392 |   593 |   448 |  2171 ||  4154
Dodge: Dodged            |   178 |    77 |   388 |   526 |  1312 |  1660 |  1391 |   749 |  3055 ||  9336
       Deflected         |       |       |       |       |       |       |       |       |    58 ||    58
Block: Other             |       |       |       |       |       |     2 |    19 |   169 |    16 ||   206
       Reflection        |       |       |       |       |       |       |       |    10 |       ||    10
